 Dungeon Crawl Stone Soup version 0.26-a0-812-g31a745ddcd (webtiles) character file.

Game seed: 11721152817696889581

81 vurker the Sneak (level 4, 0/32 HPs)
             Began as a Gnoll Enchanter on Nov 28, 2020.
             Slain by Grinder (2 damage)
             ... while paralysed by Grinder
             ... on level 4 of the Dungeon.
             The game lasted 00:03:19 (3210 turns).

vurker the Sneak (Gnoll Enchanter)                  Turns: 3210, Time: 00:03:20

Health: 0/32       AC:  4    Str: 10    XL:     4   Next: 42%
Magic:  11/11      EV:  2    Int: 18    God:
Gold:   79         SH:  0    Dex: 16    Spells: 12/13 levels left

rFire    + + .     SeeInvis .   m - +3 short sword
rCold    . . .     Faith    .   (no shield)
rNeg     . . .     Spirit   .   o - +0 leather armour
rPois    .         Reflect  .   (no helmet)
rElec    .         Harm     .   (no cloak)
rCorr    .         Rampage  .   k - +0 pair of gloves
MR       .....                  (no boots)
Stlth    +++.......             (no amulet)
HPRegen  0.10/turn              a - ring of protection from fire
MPRegen  0.12/turn              r - ring of protection from fire

@: paralysed
A: distributed training, fangs 1, strong nose
a: no special abilities


You were on level 4 of the Dungeon.
You visited 1 branch of the dungeon, and saw 4 of its levels.

You collected 79 gold pieces.

Inventory:

Hand Weapons
 m - a +3 short sword (weapon)
   (You took it off a kobold on level 1 of the Dungeon)
Armour
 k - a +0 pair of gloves (worn)
   (You found it on level 1 of the Dungeon)
 o - a +0 leather armour (worn)
   (You found it on level 2 of the Dungeon)
Jewellery
 a - a ring of protection from fire (left hand)
   (You found it on level 1 of the Dungeon)
 r - a ring of protection from fire (right hand)
   (You found it on level 3 of the Dungeon)
 s - an uncursed amulet of magic regeneration {unknown}
   (You found it on level 3 of the Dungeon)
Scrolls
 f - a scroll of noise {unknown}
 g - 3 scrolls of magic mapping {unknown}
 i - a scroll of remove curse {unknown}
 j - 5 scrolls of identify {unknown}
 l - a scroll of immolation {unknown}
 p - a scroll of blinking {unknown}
Potions
 b - 2 potions of berserk rage {unknown}
 c - a potion of flight {unknown}
 d - 2 potions of lignification {unknown}
 e - a potion of heal wounds {unknown}
 h - a potion of curing {unknown}
 n - 3 potions of brilliance {unknown}
 q - a potion of degeneration {unknown}


   Skills:
 + Level 1.1 Fighting
 + Level 2.7 Short Blades
 + Level 1.1 Long Blades
 + Level 1.1 Axes
 + Level 1.1 Maces & Flails
 + Level 1.1 Polearms
 + Level 1.1 Staves
 + Level 1.1 Slings
 + Level 1.1 Bows
 + Level 1.1 Crossbows
 + Level 1.1 Throwing
 + Level 1.1 Armour
 + Level 4.6 Dodging
 + Level 6.0 Stealth
 + Level 1.1 Shields
 + Level 1.1 Unarmed Combat
 + Level 5.1 Spellcasting
 + Level 0.9 Conjurations
 + Level 5.4 Hexes
 + Level 0.9 Summonings
 + Level 0.9 Necromancy
 + Level 0.9 Translocations
 + Level 0.9 Transmutations
 + Level 0.9 Fire Magic
 + Level 0.9 Ice Magic
 + Level 0.9 Air Magic
 + Level 0.9 Earth Magic
 + Level 0.9 Poison Magic
 + Level 1.2 Invocations
 + Level 1.1 Evocations


You had 12 spell levels left.
You knew the following spells:

 Your Spells              Type           Power        Failure   Level
a - Corona                Hex            ###....      1%          1

Your spell library contained the following spells:

 Spells                   Type           Power        Failure   Level
 Confusing Touch          Hex            ###.....     5%          3
 Tukima's Dance           Hex            ###.....     5%          3
 Ensorcelled Hibernation  Hex/Ice        ###...       8%          2
 Dazzling Flash           Conj/Hex       ###...       14%         3


Dungeon Overview and Level Annotations

Branches:
Dungeon (4/15)
 Temple: D:4-7

Altars:
Fedhas
Nemelex Xobeh
Sif Muna
Trog

Annotations:
D:4 Grinder


Innate Abilities, Weirdness & Mutations

Your experience applies equally to all skills.
You have very sharp teeth.
Your uncanny sense of smell can sniff out nearby items.


Message History

No target in view!
No target in view!
No target in view!
No target in view!
No target in view!
You see here a giant cockroach corpse.
A rat comes into view.
A rat is nearby!
A rat is nearby!
The helpless rat fails to defend itself.
You impale the rat!!
You kill the rat!
No target in view!
No target in view!
No target in view!
No target in view!
No target in view!
No target in view!
No target in view!
No target in view!
Found a stone staircase leading up.
There is an open door here.
Done exploring.
Done exploring.
There is an open door here.
There is a stone staircase leading down here.
You climb downwards.
Grinder comes into view.
Found a falchion and 12 gold pieces.
There is a stone staircase leading up here.
Grinder shouts!
You barely miss Grinder. Grinder hits you!
You writhe in agony.
You closely miss Grinder. Grinder closely misses you.
You barely miss Grinder. Grinder hits you.
You writhe in agony.
* * * LOW HITPOINT WARNING * * *
There is a stone staircase leading up here.
Grinder gestures at you.
You suddenly lose the ability to move!
Grinder gestures at you. You resist with significant effort.
Grinder gestures at you.
You shrug off the repeated paralysis!
Grinder hits you.
* * * LOW HITPOINT WARNING * * *
You writhe in agony.
* * * LOW HITPOINT WARNING * * *
Grinder hits you.
* * * LOW HITPOINT WARNING * * *
Grinder hits you.
You die...

.# .#
#### ..#
... .)#
##.##..#
##...#..#
#.......#
# #..@#
#.###5##
#.....#
####..#
#..# ∆ ∆
#...#
##.$..
#.#### ∆
..#


You could see Grinder.

Vanquished Creatures
  2 adder zombies (D:2)
  2 adder skeletons (D:2)
  A worm (D:3)
  2 dart slugs (D:1)
  2 leopard geckos
  3 bat zombies (D:2)
  7 giant cockroaches
  6 goblins
  3 hobgoblins
  2 ball pythons
  7 bats
  A frilled lizard (D:1)
  A jackal zombie (D:2)
  9 kobolds
  A leopard gecko skeleton (D:2)
  8 rats
57 creatures vanquished.

Vanquished Creatures (others)
  A withered plant (D:2)
1 creature vanquished.

Grand Total: 58 creatures vanquished

Notes
Turn   | Place    | Note
-------+----------+-------------------------------------------
     0 | D:1      | vurker the Gnoll Enchanter began the quest for the Orb.
     0 | D:1      | Reached XP level 1. HP: 13/13 MP: 6/6
    78 | D:1      | Reached XP level 2. HP: 16/19 MP: 7/7
   742 | D:1      | Reached XP level 3. HP: 10/25 MP: 9/9
   746 | D:1      | Reached skill level 5 in Spellcasting
  1548 | D:2      | Reached skill level 6 in Stealth
  1793 | D:2      | Reached skill level 1 in Invocations
  1926 | D:2      | Reached skill level 1 in Fighting
  1926 | D:2      | Reached skill level 1 in Long Blades
  1926 | D:2      | Reached skill level 1 in Axes
  1926 | D:2      | Reached skill level 1 in Maces & Flails
  1926 | D:2      | Reached skill level 1 in Polearms
  1926 | D:2      | Reached skill level 1 in Staves
  1926 | D:2      | Reached skill level 1 in Slings
  1926 | D:2      | Reached skill level 1 in Bows
  1926 | D:2      | Reached skill level 1 in Crossbows
  1926 | D:2      | Reached skill level 1 in Throwing
  1926 | D:2      | Reached skill level 1 in Armour
  1926 | D:2      | Reached skill level 1 in Shields
  1926 | D:2      | Reached skill level 1 in Unarmed Combat
  1926 | D:2      | Reached skill level 1 in Evocations
  2162 | D:2      | Reached XP level 4. HP: 32/32 MP: 11/11
  2940 | D:3      | Found a bloodstained altar of Trog.
  2954 | D:3      | Found a shimmering blue altar of Sif Muna.
  2965 | D:3      | Found a sparkling altar of Nemelex Xobeh.
  3006 | D:3      | Found a blossoming altar of Fedhas.
  3192 | D:4      | Noticed Grinder
  3204 | D:4      | Paralysed by Grinder for 7 turns
  3210 | D:4      | Slain by Grinder

Illustrated notes

Levels and vault maps discovered:
D:1:      minmay_arrival_floating_metal, layout_basic, st_stairs_1
D:2:      layout_basic, serial_undead, serial_undead_e, serial_undead_d,
          serial_undead_c, serial_undead_d, serial_undead_e, serial_undead_b,
          serial_undead_e, serial_undead_b
D:3:      layout_loops_cross, nicolae_overflow_quartered_altars
D:4:      layout_loops_ring, nrook_uturn, kennysheep_another_room,
          chequers_serial_rivers_micro_e, uniq_grinder, uniq_eustachio,
          uniq_blork_the_orc

Skill      XL: |  1  2  3 |
---------------+----------+-----
Spellcasting   | 5 |  5.1
Stealth        | 6 |  6.0
Invocations    | 1 |  1.2
Fighting       | 1 |  1.1
Long Blades    | 1 |  1.1
Axes           | 1 |  1.1
Maces & Flails | 1 |  1.1
Polearms       | 1 |  1.1
Staves         | 1 |  1.1
Slings         | 1 |  1.1
Bows           | 1 |  1.1
Crossbows      | 1 |  1.1
Throwing       | 1 |  1.1
Armour         | 1 |  1.1
Shields        | 1 |  1.1
Unarmed Combat | 1 |  1.1
Evocations     | 1 |  1.1
Short Blades   | |  2.7
Dodging        | |  4.6
Conjurations   | |  0.9
Hexes          | |  5.4
Summonings     | |  0.9
Necromancy     | |  0.9
Translocations | |  0.9
Transmutations | |  0.9
Fire Magic     | |  0.9
Ice Magic      | |  0.9
Air Magic      | |  0.9
Earth Magic    | |  0.9
Poison Magic   | |  0.9

Action                   |  1- 3 |  4- 6 || total
-------------------------+-------+-------++-------
Melee: Dagger            |    28 |       ||    28
       Bite              |     6 |     1 ||     7
       Short sword       |    86 |    29 ||   115
 Stab: Sleeping          |    14 |    10 ||    24
Armor: Robe              |    15 |       ||    15
       Leather armour    |    11 |     7 ||    18
Dodge: Dodged            |    88 |    19 ||   107

Table legend: (Time is in decaauts)
 A = Elapsed time spent in this place.
 B = Non-inter-level travel time spent in this place.
 C = Inter-level travel time spent in this place.
 D = Time resting spent in this place.
 E = Time spent auto-exploring this place.
 F = Levels seen in this place.
 G = Mean time per level.
                   A        B        C        D        E       F      G
               +--------+--------+--------+--------+--------+-----+--------+
         Total |   3219 |   3033 |    186 |      0 |   2578 |   4 |  804.8 |
       Dungeon |   3219 |   3033 |    186 |      0 |   2578 |   4 |  804.8 |
               +--------+--------+--------+--------+--------+-----+--------+

Top non-repeatable levels by time:
     D:1: 1557 daAuts
     D:2: 880 daAuts
     D:3: 763 daAuts
     D:4: 17 daAuts
